 Dungeon Crawl Stone Soup version 0.31-a0-557-g6e16503903 (webtiles) character file.

Game seed: 7520744532126774202

44 Arcadio the Caller (level 3, 0/19 HPs)
             Began as a Deep Elf Summoner on Aug 16, 2023.
             Was a Believer of Elyvilon.
             Slain by an adder (1 damage)
             ... on level 2 of the Dungeon.
             The game lasted 00:03:55 (1505 turns).

Arcadio the Caller (Deep Elf Summoner)              Turns: 1505, Time: 00:03:56

Health: 0/19       AC:  3    Str:  5    XL:     3   Next: 41%
Magic:  7/10       EV: 13    Int: 21    God:    Elyvilon [**....]
Gold:   112        SH:  0    Dex: 15    Spells: 0/9 levels left

rFire   . . .        d - +0 dagger
rCold   . . .        (no shield)
rNeg    . . .        a - +0 robe
rPois   .            (no helmet)
rElec   .            (no cloak)
rCorr   .            (no gloves)
SInv    .            i - +0 pair of boots
Will    .....        (no amulet)
Stlth   ++           (no ring)
HPRegen 0.23/turn    (no ring)
MPRegen 0.12/turn

%: no passive effects
@: lethally poisoned (0 -> -1)
A: no striking features
a: Renounce Religion, Purification, Heal Other


You were on level 2 of the Dungeon.
You worshipped Elyvilon.
Elyvilon was pleased with you.
You visited 1 branch of the dungeon, and saw 2 of its levels.

You collected 112 gold pieces.

Inventory:

Hand Weapons
 d - a +0 dagger (weapon)
 j - a +0 morningstar
Armour
 a - a +0 robe (worn)
 i - a +0 pair of boots (worn)
 k - a +0 kite shield
Magical Staves
 g - a staff of conjuration
Jewellery
 h - a ring of positive energy
Scrolls
 e - 2 scrolls of teleportation {unknown}
 f - 3 scrolls of enchant armour {unknown}
Potions
 b - a potion of magic
 c - a potion of resistance {unknown}


   Skills:
 + Level 3.3 Dodging
 - Level 2.4 Stealth
 + Level 3.8 Spellcasting
 + Level 4.9 Summonings


You couldn't memorise any spells.
You knew the following spells:

 Your Spells              Type           Power      Damage    Failure   Level
a - Summon Small Mammal   Summ           96%        N/A       1%          1
b - Call Imp              Summ           48%        N/A       2%          2
c - Call Canine Familiar  Summ           24%        N/A       4%          3
d - Summon Guardian Gole  Hex/Summ       14%        N/A       13%         3

Your spell library contained the following spells:

 Spells                   Type           Power      Damage    Failure   Level
 Magic Dart               Conj           16%        1d3       12%         1
 Mephitic Cloud           Conj/Pois/Air  4%         N/A       36%         3
 Summon Lightning Spire   Summ/Air       14%        N/A       41%         4


Dungeon Overview and Level Annotations

Branches:
Dungeon (2/15) Zot: 10494

Altars:
Elyvilon

Shops:
D:2 [


Message History

Confirm with . or Enter, or press ? or * to list all spells.
Casting: Summon Small Mammal (safe; 1% risk of failure)
Confirm with . or Enter, or press ? or * to list all spells.
The adder bites you but does no damage.
You swap places.
The adder closely misses your quokka.
Your quokka barely misses the adder.
You swap places.
The adder bites your quokka.
Your quokka closely misses the adder.
The adder bites your quokka.
Your quokka dies!
Your quokka's corpse disappears in a puff of smoke!
The adder closely misses your rat.
Your rat completely misses the adder.
The adder bites your rat.
Your rat dies!
Your rat's corpse disappears in a puff of smoke!
Casting: Summon Small Mammal (safe; 1% risk of failure)
Confirm with . or Enter, or press ? or * to list all spells.
The adder bites you.
You are poisoned.
The adder poisons you! The adder attacks as you move away! The adder bites you.
You feel sick.
Your rat misses the adder.
Casting: Summon Small Mammal (safe; 1% risk of failure)
Confirm with . or Enter, or press ? or * to list all spells.
You feel sick. The adder misses you.
Your rat barely misses the adder.
You feel sick. The adder bites you but does no damage.
Your rat bites the adder.
You miss the adder.
The adder is lightly wounded.
You feel sick. The adder bites you.
Your rat bites the adder.
You hit the adder but do no damage. You punch the adder, but do no damage.
The adder is lightly wounded.
You feel sick. The adder barely misses you.
Your quokka closely misses the adder.
Your rat bites the adder but does no damage.
You barely miss the adder.
The adder is lightly wounded.
You feel sick. The adder bites you.
* * * LOW HITPOINT WARNING * * *
Your quokka barely misses the adder.
The adder bites you.
You die...

.........)............
######.#.##.########.#
#....#.########.#
#.......(.....#.#
##...#.##.....#.###
##.##.##.........#
#............#.#.#
#..##.##.....#.#.#
#..#.#.###@###.#.# ..#
#.##Sr.#.#.# .
#..r....#.#
#.####.###.# #. #.# .#
#.# #.# #.# #.#


You could see an adder (ally target), a friendly quokka (summoned) and a
friendly rat (summoned).

Vanquished Creatures
  A ball python (D:1)
  An endoplasm (D:1)
  A goblin (D:2)
  A quokka (D:2)
  A kobold (D:2)
  A rat (D:1)
6 creatures vanquished.

Vanquished Creatures (collateral kills)
  2 adders (D:2)
  A worm (D:2)
  A dart slug (D:2)
  A goblin (D:2)
  A hobgoblin (D:1)
  3 jackals (D:1)
  2 ball pythons (D:1)
  A frilled lizard (D:1)
  5 kobolds
  A rat (D:1)
18 creatures vanquished.

Grand Total: 24 creatures vanquished

Notes
Turn   | Place    | Note
-------+----------+-------------------------------------------
     0 | D:1      | Arcadio the Deep Elf Summoner began the quest for the Orb.
     0 | D:1      | Reached XP level 1. HP: 10/10 MP: 6/6
   384 | D:1      | Reached XP level 2. HP: 15/15 MP: 5/8
   672 | D:1      | Found a faded altar of an unknown god.
   761 | D:1      | Prayed at the altar of an unknown god.
   761 | D:1      | Became a worshipper of Elyvilon the Healer
   761 | D:1      | Reached * piety under Elyvilon
   939 | D:2      | Found Doatoy's Antique Armour Shoppe.
  1035 | D:2      | Identified the +2 sling of the Blessed Realm {flame, Dex+3}
  1080 | D:2      | Reached XP level 3. HP: 19/19 MP: 6/10
  1100 | D:2      | Learned a level 2 spell: Call Imp
  1107 | D:2      | Learned a level 3 spell: Call Canine Familiar
  1111 | D:2      | Learned a level 3 spell: Summon Guardian Golem
  1477 | D:2      | Reached ** piety under Elyvilon
  1505 | D:2      | Slain by an adder

Illustrated notes

Levels and vault maps discovered:
D:1:      dpeg_arrival_orchard, layout_basic,
          dreamdust_ecumenical_altar_sealed_demon
D:2:      layout_loops_ring, serial_shops, shop, serial_bayou_pond_c,
          uniq_terence

Skill      XL: |  1  2 |
---------------+-------+-----
Dodging        | 3 |  3.3
Stealth        | |  2.4
Spellcasting   | |  3.8
Summonings     | |  4.9

Action                     || total
---------------------------++-------
  Melee: Unarmed           ||     4
         Dagger            ||    25
         Punch             ||     2
   Cast: Summon Small Mamm ||    45
   Stab: Sleeping          ||     2
 Armour: Robe              ||     7
  Dodge: Dodged            ||    23

Table legend: (Time is in decaauts)
 A = Elapsed time spent in this place.
 B = Non-inter-level travel time spent in this place.
 C = Inter-level travel time spent in this place.
 D = Time resting spent in this place.
 E = Time spent auto-exploring this place.
 F = Levels seen in this place.
 G = Mean time per level.
                   A        B        C        D        E       F      G
               +--------+--------+--------+--------+--------+-----+--------+
         Total |   1504 |   1447 |     57 |      0 |   1026 |   2 |  752.0 |
       Dungeon |   1504 |   1447 |     57 |      0 |   1026 |   2 |  752.0 |
               +--------+--------+--------+--------+--------+-----+--------+

Top non-repeatable levels by time:
     D:1: 938 daAuts
     D:2: 565 daAuts
